 Dungeon Crawl Stone Soup version 0.26-a0-652-gafc20e3620 (webtiles) character file.

Game seed: 15447595315138156845

101451 grandjackal the Geomancer (level 16, -4/119 HPs)
             Began as an Octopode Earth Elementalist on Oct 2, 2020.
             Was a High Priest of Vehumet.
             Slain by a naga
             ... wielding a +0 glaive
              (26 damage)
             ... on level 1 of the Snake Pit on Oct 3, 2020.
             The game lasted 01:24:35 (45388 turns).

grandjackal the Geomancer (OpEE)                   Turns: 45388, Time: 01:24:37

Health: -4/119     AC:  5    Str:  7    XL:     16   Next: 30%
Magic:  2/30       EV: 17    Int: 25    God:    Vehumet [*****.]
Gold:   653        SH:  0    Dex: 12    Spells: 3/35 levels left

rFire    + + .     SeeInvis +   v - +2 spear (venom)
rCold    . . .     Faith    .   (no shield)
rNeg     . . .     Spirit   .   (helmet restricted)
rPois    .         Reflect  .   P - amulet of regeneration
rElec    .         Harm     .   e - ring of protection from fire
rCorr    .         Rampage  .   k - ring of see invisible
MR       ++...                  E - +4 ring of protection
Stlth    +++.......             H - ring of protection from fire
HPRegen  0.69/turn              X - ring of protection from magic
MPRegen  0.22/turn              (no ring)
                                (no ring)
                                (no ring)

@: lethally poisoned (-4 -> -11)
A: almost no armour, stealthy swim, amphibious, 8 rings, constrict 8, camouflage
1, gelatinous body 1
a: Renounce Religion


You were on level 1 of the Snake Pit.
You worshipped Vehumet.
Vehumet was extremely pleased with you.
You visited 5 branches of the dungeon, and saw 25 of its levels.
You also visited: Gauntlet.

You collected 2407 gold pieces.
You spent 1754 gold pieces at shops.

Inventory:

Hand Weapons
 r - a +0 dagger
 v - a +2 spear of venom (weapon)
Missiles
 b - 719 stones
 j - 77 poisoned darts (quivered)
 O - 2 throwing nets
Armour
 Q - a +0 kite shield
Jewellery
 e - a ring of protection from fire (left tentacle)
 k - a ring of see invisible (right tentacle)
 u - an uncursed amulet of reflection
 E - a +4 ring of protection (on tentacle)
 H - a ring of protection from fire (on tentacle)
 P - an amulet of regeneration (around mantle)
 X - a ring of protection from magic (on tentacle)
Wands
 h - a wand of random effects (42)
 p - a wand of enslavement (2)
 s - a wand of iceblast (12)
 B - a wand of paralysis (2)
 J - a wand of acid (21)
 R - a wand of digging (5)
Scrolls
 l - 5 scrolls of amnesia
 n - 18 scrolls of remove curse
 o - 9 scrolls of teleportation
 t - 3 scrolls of enchant weapon
 w - 2 scrolls of immolation
 x - a scroll of silence
 y - 2 scrolls of enchant armour
 C - a scroll of vulnerability
 G - 3 scrolls of torment
 L - 2 scrolls of fog
 M - 10 scrolls of identify
 T - a scroll of magic mapping
 W - a scroll of summoning
Potions
 a - 6 potions of heal wounds
 d - 5 potions of curing
 f - 7 potions of flight
 g - 4 potions of brilliance
 i - 3 potions of berserk rage
 m - 3 potions of ambrosia
 q - 3 potions of magic
 z - 3 potions of stabbing
 A - 2 potions of resistance
 D - 6 potions of might
 F - a potion of lignification
 I - 3 potions of haste
 S - a potion of mutation
Miscellaneous
 c - a phial of floods (inert)
 K - a tin of tremorstones (2/3)
 N - a condenser vane (2/2)
 U - a lightning rod (inert)
 V - a phantom mirror


   Skills:
 - Level 14.0 Fighting
 - Level 8.5 Dodging
 - Level 3.1 Stealth
 + Level 10.2 Spellcasting
 - Level 10.0 Conjurations
 + Level 10.1 Transmutations
 + Level 5.0 Fire Magic
 + Level 14.5 Earth Magic
 + Level 4.6 Evocations


You had 3 spell levels left.
You knew the following spells:

 Your Spells              Type           Power        Failure   Level
a - Sandblast             Erth           ######       0%          1
b - Passwall              Tmut/Erth      ######..     1%          2
c - Stone Arrow           Conj/Erth      ######       1%          3
d - Petrify               Tmut/Erth      ######..     1%          4
e - Lee's Rapid Deconstr  Erth           ######....   1%          5
f - Starburst             Conj/Fire      ######....   9%          6
g - Bolt of Magma         Conj/Fire/Erth ######....   1%          5
h - Statue Form           Tmut/Erth      ######...    4%          6

Your spell library contained the following spells:

 Spells                   Type           Power        Failure   Level
 Foxfire                  Conj/Fire      ####         1%          1
 Magic Dart               Conj           ####         1%          1
 Shock                    Conj/Air       ####         1%          1
 Searing Ray              Conj           ######       1%          2
 Conjure Flame            Conj/Fire      ######..     1%          3
 Dazzling Flash           Conj/Hex       #####.       1%          3
 Ignite Poison            Fire/Tmut/Pois #####...     1%          3
 Inner Flame              Hex/Fire       ####....     1%          3
 Corona                   Hex            ##.....      4%          1
 Ensorcelled Hibernation  Hex/Ice        ##....       8%          2
 Slow                     Hex            ##......     8%          2
 Confusing Touch          Hex            ##......     14%         3
 Gell's Gravitas          Tloc           ##........   14%         3
 Summon Guardian Golem    Hex/Summ       ##......     14%         3
 Tukima's Dance           Hex            ##......     14%         3
 Fulminant Prism          Conj/Hex       #####.....   1%          4
 Iskenderun's Mystic Bla  Conj/Tloc      #####...     1%          4
 Sticky Flame             Conj/Fire      ######..     1%          4
 Fireball                 Conj/Fire      ######....   1%          5
 Iron Shot                Conj/Erth      ######....   1%          6
 Leda's Liquefaction      Hex/Erth       #####.....   2%          4
 Yara's Violent Unravell  Hex/Tmut       #####.....   4%          5
 Metabolic Englaciation   Hex/Ice        ##........   80%         5
 Shatter                  Erth           ######....   95%         9
 Ignition                 Fire           #####.....   100%        8


Dungeon Overview and Level Annotations

Branches:
Dungeon (15/15)            Temple (0/1) D:7            Lair (6/6) D:11
  Swamp (0/4) Lair:4        Snake (1/4) Lair:2        Slime (0/5) Lair:6
    Orc (2/2) D:11            Elf (1/3) Orc:2        Vaults (0/5) D:13
 Depths (0/5) D:15        Gauntlet (visited)

Altars:
Ashenzari
Cheibriados
Elyvilon
Fedhas
Hepliaklqana
Nemelex Xobeh
Okawaru
Qazlal
Trog
Uskayaw
Vehumet
Wu Jian
Xom
Yredelemnul
Zin
The Shining One
Jiyva

Shops:
D:7 =**}[   D:15 (   Orc:2 ?:(!

Annotations:
D:10 Psyche
D:15 1 runed translucent door, Waecyras's ghost, adept KoGl
Lair:3 2 runed translucent doors, Yjeari's ghost, journeyman GrMo
Lair:6 exclusion: oklob plant


Innate Abilities, Weirdness & Mutations

You cannot wear most types of armour.
You are very stealthy in the water. (Stealth+)
You are amphibious.
You can wear up to eight rings at the same time.
You can use your tentacles to constrict eight enemies at once.
Your skin changes colour to match your surroundings (Stealth+).
Your rubbery body absorbs attacks. (AC +1, EV +1)


Message History

Casting: Stone Arrow (safe; 1% risk of failure)
Confirm with . or Enter, or press ? or * to list all spells.
Aiming: Stone Arrow (safe; 1% risk of failure)
Press: ? - help, Shift-Dir - straight line, f/p - naga
Aim: a naga, wielding a +0 hand axe (moderately wounded, constricting you, catching its breath)
The stone arrow hits the naga.
The naga is moderately wounded.
You feel sick. The naga spits poison at you. The splash of poison hits you.
You are more poisoned.
* * * LOW HITPOINT WARNING * * *
The naga spits poison at you. The splash of poison hits you.
You are more poisoned.
* * * LOW HITPOINT WARNING * * *
x2 The naga constricts you.
You escape the naga's grasp.
You feel sick.
The naga hits you from afar with a +0 glaive!!
You die...

#..# .. ..# . ###.#
####.#####.
#....###....†.... ..
#......#.......## ....
#......#.....†).#.....
#......#....N.........
##.##...#......[>####.#
######...##.###.@N.#####
..#...........#...)#...#
..#...............[(..##
..##.......#########..#
...#....####..........#
...#...##..#..##....N##
...#...#...#...####..#
...#..........†.....##
.....###...#......###


You could see 2 nagas.

Vanquished Creatures
  Agnes (D:15)
  Roxanne (D:15)
  An orc warlord (Orc:1)
  Nessos (D:13)
  Harold (D:9)
  7 hydras
  A naga warrior (Snake:1)
  Erolcha (Orc:2)
  4 centaur warriors
  3 catoblepae
  A death knight (D:15)
  13 death yaks
  A deep troll shaman (Lair:6)
  A tengu warrior (D:15)
  4 ogre magi (Orc:2)
  21 two-headed ogres
  An orc high priest (Orc:1)
  A queen ant (D:9)
  A shock serpent (Snake:1)
  Nergalle (D:10)
  3 skeletal warriors (D:15)
  A deep troll (D:11)
  An unseen horror (D:13)
  2 wizards (D:15)
  2 orc knights
  A deep elf mage (D:15)
  A lindwurm (Lair:6)
  3 orc sorcerers
  A necromancer (D:15)
  A cyclops (shapeshifter) (D:13)
  2 cyclopes
  3 manticores
  An ugly thing (D:13)
  8 elephants (Lair:6)
  2 salamanders (Snake:1)
  6 black mambas
  A guardian serpent (Snake:1)
  2 gargoyles
  8 cane toads
  Joseph (D:10)
  4 centaur skeletons
  A naga mage (Snake:1)
  A torpor snail (Lair:6)
  A cane toad (shapeshifter) (D:15)
  2 rime drakes
  6 komodo dragons
  A kobold demonologist (D:13)
  A yaktaur (D:15)
  A troll (shapeshifter) (D:15)
  3 tengu conjurers (D:15)
  6 trolls
  A wolf spider simulacrum (D:15)
  3 polar bears
  A tyrant leech (Lair:4)
  A hornet (D:14)
  8 blink frogs
  7 hippogriffs
  2 meliai zombies
  5 slime creatures
  2 wraiths (D:15)
  3 wyverns
  A vampire (D:15)
  2 shadows (D:15)
  Eustachio (D:5)
  10 yaks
  16 humans
  2 basilisks
  13 vampire mosquitoes
  2 wargs
  7 nagas
  20 soldier ants (D:9)
  An acid dragon (D:14)
  6 water moccasins
  23 orc warriors
  5 porcupines
  2 eyes of draining
  A black bear (D:7)
  2 phantoms
  3 sky beasts
  A necrophage (D:8)
  An ice beast (D:8)
  40 ogres
  14 centaurs
  13 wolves
  A big kobold (D:13)
  12 crocodiles
  24 bullfrogs
  3 scorpions
  A wyvern skeleton (D:14)
  16 wights
  21 killer bees
  4 electric eels
  3 howler monkeys
  2 bullfrog zombies (D:12)
  A quasit (D:11)
  3 centaur zombies
  3 hounds
  10 orc priests
  3 jellies
  31 orc wizards
  Crazy Yiuf (D:5)
  5 iguanas
  31 worker ants
  A hound skeleton (D:10)
  2 worker ant zombies
  8 gnolls
  12 adders
  A howler monkey skeleton (D:9)
  2 shadow imps
  An ufetubus (D:8)
  3 oozes
  An adder zombie (D:7)
  4 worms
  4 dart slugs
  6 leopard geckos
  74 orcs
  5 ball pythons
  10 bats
  5 giant cockroaches
  5 goblins
  6 hobgoblins
  5 jackals
  5 kobolds
  7 quokkas
  6 frilled lizards
  A quokka zombie (D:7)
  11 rats
722 creatures vanquished.

Vanquished Creatures (others)
  An orc priest (Orc:2)
  An orc wizard (Orc:2)
  34 fungi
  78 plants
  2 withered plants (D:15)
116 creatures vanquished.

Grand Total: 838 creatures vanquished

Notes
Turn   | Place    | Note
-------+----------+-------------------------------------------
     0 | D:1      | grandjackal the Octopode Earth Elementalist began the quest
                  | for the Orb.
     0 | D:1      | Reached XP level 1. HP: 11/11 MP: 3/3
   211 | D:1      | Reached XP level 2. HP: 5/18 MP: 5/5
   416 | D:1      | Learned a level 2 spell: Passwall
   663 | D:1      | Reached skill level 1 in Fighting
  1192 | D:2      | Reached XP level 3. HP: 23/23 MP: 1/6
  1244 | D:2      | Learned a level 3 spell: Stone Arrow
  1340 | D:2      | Found an iron altar of Okawaru.
  1530 | D:2      | Found a faded altar of an unknown god.
  1887 | D:2      | Reached XP level 4. HP: 28/28 MP: 4/7
  2103 | D:2      | Found a basalt altar of Yredelemnul.
  2120 | D:2      | Found a glowing golden altar of the Shining One.
  2124 | D:2      | Reached skill level 1 in Conjurations
  2220 | D:2      | Found a hazy altar of Hepliaklqana.
  2947 | D:3      | Found a shimmering altar of Xom.
  3680 | D:3      | Reached XP level 5. HP: 29/34 MP: 8/8
  4176 | D:4      | Noticed a phantom
  4396 | D:4      | Killed a phantom
  4396 | D:4      | Reached XP level 6. HP: 34/41 MP: 2/9
  5536 | D:4      | Reached XP level 7. HP: 46/46 MP: 4/10
  5713 | D:4      | Found an ornate altar of the Wu Jian Council.
  6150 | D:4      | Reached skill level 5 in Earth Magic
  6156 | D:4      | Learned a level 4 spell: Petrify
  6381 | D:5      | Entered Level 5 of the Dungeon
  6423 | D:5      | Noticed Eustachio
  6487 | D:5      | Killed Eustachio
  6756 | D:5      | Reached XP level 8. HP: 54/54 MP: 4/11
  7585 | D:5      | Found a runed translucent door.
  7586 | D:5      | Noticed Crazy Yiuf
  7591 | D:5      | Killed Crazy Yiuf
  7723 | D:6      | Found a stormy altar of Qazlal.
  7899 | D:6      | Found a bloodstained altar of Trog.
  8145 | D:6      | Found a radiant altar of Vehumet.
  8495 | D:6      | Became a worshipper of Vehumet
  9091 | D:7      | Reached skill level 5 in Transmutations
  9179 | D:7      | Reached skill level 5 in Fighting
  9186 | D:7      | Reached skill level 5 in Conjurations
  9423 | D:7      | Found Idyarre's Jewellery Boutique.
  9572 | D:7      | Found Femuv's Assorted Antiques.
  9578 | D:7      | Reached XP level 9. HP: 61/61 MP: 1/12
  9660 | D:7      | Bought a scroll labeled QEAMASTR MUUDGH for 25 gold pieces
  9678 | D:7      | Found Cyicao's Antique Armour Emporium.
 10166 | D:7      | Found Wewytru's General Store.
 10172 | D:7      | Bought a potion of lignification for 39 gold pieces
 10464 | D:7      | Found a staircase to the Ecumenical Temple.
 10483 | D:7      | Found Ummosoh's Gadget Boutique.
 11918 | D:8      | Reached * piety under Vehumet
 11918 | D:8      | Offered knowledge of Shock by Vehumet.
 11939 | D:8      | Noticed a two-headed ogre
 11981 | D:8      | Killed a two-headed ogre
 11981 | D:8      | Reached XP level 10. HP: 54/69 MP: 3/13
 13923 | D:9      | Noticed Harold
 13942 | D:9      | Killed Harold
 14329 | D:9      | Reached ** piety under Vehumet
 14329 | D:9      | Offered knowledge of Foxfire by Vehumet.
 15747 | D:9      | Reached XP level 11. HP: 77/77 MP: 9/14
 15925 | D:9      | Offered knowledge of Static Discharge by Vehumet.
 16043 | D:9      | Noticed a queen ant
 16380 | D:9      | Killed a queen ant
 16590 | D:9      | HP: 3/78 [poisoned by a soldier ant]
 16595 | D:9      | HP: 2/78 [poisoned by a soldier ant]
 16602 | D:9      | HP: 2/78 [poisoned by a soldier ant]
 16610 | D:9      | HP: 2/78 [poisoned by a soldier ant]
 17254 | D:9      | Reached *** piety under Vehumet
 17690 | D:9      | Found a sparkling altar of Nemelex Xobeh.
 17693 | D:9      | Found a snail-covered altar of Cheibriados.
 17696 | D:9      | Found a broken altar of Ashenzari.
 17735 | D:10     | Entered Level 10 of the Dungeon
 17942 | D:10     | Noticed Joseph
 18317 | D:10     | Killed Joseph
 18462 | D:10     | Noticed a manticore
 18480 | D:10     | Killed a manticore
 18746 | D:10     | Offered knowledge of Sticky Flame by Vehumet.
 19020 | D:10     | Noticed Psyche
 19226 | D:10     | Noticed Nergalle
 19243 | D:10     | Killed Nergalle
 19953 | D:11     | Noticed a two-headed ogre
 19981 | D:11     | Reached skill level 10 in Earth Magic
 20056 | D:11     | Killed a two-headed ogre
 20056 | D:11     | Reached XP level 12. HP: 50/86 MP: 15/15
 20080 | D:11     | Noticed a two-headed ogre
 20119 | D:11     | Killed a two-headed ogre
 20273 | D:11     | Found a gate leading to a gauntlet.
 20286 | Gauntlet | Entered a Gauntlet
 20286 | Gauntlet | Found a transporter.
 20286 | Gauntlet | Noticed a wretched star
 20289 | Gauntlet | Found a transporter.
 20290 | Gauntlet | Found a transporter.
 20305 | Gauntlet | Found a transporter.
 20315 | Gauntlet | Found a transporter.
 20336 | Gauntlet | Found a transporter.
 20348 | Gauntlet | Noticed a reaper
 20349 | Gauntlet | Found a transporter.
 20366 | Gauntlet | Found a transporter.
 20370 | Gauntlet | Found a transporter.
 20378 | Gauntlet | Found a transporter.
 20412 | D:11     | Learned a level 5 spell: Lee's Rapid Deconstruction
 20484 | D:11     | Found a staircase to the Orcish Mines.
 20758 | D:11     | Identified the Handbook of Bewitching Confrontation
 20791 | D:11     | Noticed a death yak
 20791 | D:11     | Noticed a death yak
 20795 | D:11     | Noticed a death yak
 20795 | D:11     | Noticed a death yak
 20797 | D:11     | Noticed a death yak
 20837 | D:11     | Noticed a death yak
 20840 | D:11     | Reached **** piety under Vehumet
 20867 | D:11     | Killed a death yak
 20900 | D:11     | Killed a death yak
 20900 | D:11     | Reached skill level 10 in Fighting
 20900 | D:11     | Reached skill level 10 in Transmutations
 20925 | D:11     | Killed a death yak
 20925 | D:11     | Reached skill level 10 in Conjurations
 20967 | D:11     | Killed a death yak
 21039 | D:11     | Killed a death yak
 21066 | D:11     | Killed a death yak
 21066 | D:11     | Offered knowledge of Airstrike by Vehumet.
 21137 | D:11     | Found a staircase to the Lair.
 21140 | D:11     | Noticed a two-headed ogre
 21181 | D:11     | Killed a two-headed ogre
 23692 | D:12     | Reached XP level 13. HP: 74/94 MP: 16/19
 24416 | D:12     | Found a glowing silver altar of Zin.
 24660 | Orc:1    | Entered Level 1 of the Orcish Mines
 25314 | Orc:2    | Entered Level 2 of the Orcish Mines
 25317 | Orc:2    | Reached skill level 5 in Spellcasting
 25412 | Lair:1   | Entered Level 1 of the Lair of Beasts
 25868 | Lair:1   | Reached ***** piety under Vehumet
 26947 | Lair:2   | Offered knowledge of Spellforged Servitor by Vehumet.
 27187 | Lair:2   | Found a staircase to the Snake Pit.
 28041 | Lair:3   | Found a large runed translucent door.
 28042 | Lair:3   | Found a large runed translucent door.
 28112 | Lair:3   | Found a sparkling altar of Nemelex Xobeh.
 28664 | Lair:3   | Noticed Yjeari's ghost (journeyman GrMo)
 28750 | Lair:3   | You fall into a shaft and drop 3 floors!
 28750 | Lair:6   | Entered Level 6 of the Lair of Beasts
 30762 | Lair:4   | Reached skill level 5 in Dodging
 30900 | Lair:4   | Found a staircase to the Swamp.
 32320 | Lair:6   | Reached XP level 14. HP: 62/103 MP: 4/24
 33271 | Lair:6   | Found a staircase to the Slime Pits.
 33271 | Lair:6   | Found a viscous altar of Jiyva.
 33621 | Lair:6   | Found a blossoming altar of Fedhas.
 35529 | Orc:2    | Noticed an orc warlord
 35798 | Orc:1    | Killed an orc warlord
 36485 | Orc:2    | Reached XP level 15. HP: 65/110 MP: 15/27
 36561 | Orc:2    | Offered knowledge of Starburst by Vehumet.
 36700 | Orc:2    | Noticed Erolcha
 36978 | Orc:2    | Killed Erolcha
 37120 | Orc:2    | Found Feiduede's Weapon Shop.
 37122 | Orc:2    | Found Kepha's Magic Scroll Emporium.
 37122 | Orc:2    | Found Retsafom's Book Shop.
 37122 | Orc:2    | Found Totic's Distillery.
 37135 | Orc:2    | Bought a scroll of silence for 97 gold pieces
 37135 | Orc:2    | Bought a scroll of fear for 45 gold pieces
 37135 | Orc:2    | Bought a scroll of teleportation for 39 gold pieces
 37135 | Orc:2    | Bought a scroll of teleportation for 39 gold pieces
 37135 | Orc:2    | Bought a scroll of teleportation for 39 gold pieces
 37251 | Orc:2    | Found a staircase to the Elven Halls.
 38340 | D:7      | Bought a wand of acid (10) for 392 gold pieces
 38340 | D:7      | Bought a lightning rod (4/4) for 560 gold pieces
 38340 | D:7      | Bought a wand of iceblast (7) for 154 gold pieces
 38361 | D:8      | Learned a level 6 spell: Starburst
 38741 | D:13     | Reached skill level 1 in Fire Magic
 38967 | D:13     | Noticed Nessos
 38992 | D:13     | Killed Nessos
 38999 | D:13     | Found a gate to the Vaults.
 39365 | D:13     | Found a white marble altar of Elyvilon.
 40764 | D:14     | Reached skill level 1 in Evocations
 41385 | D:15     | Entered Level 15 of the Dungeon
 41942 | D:15     | Noticed Roxanne
 41973 | D:15     | Offered knowledge of Bolt of Magma by Vehumet.
 42083 | D:15     | Noticed Agnes
 42372 | D:14     | Learned a level 5 spell: Bolt of Magma
 42423 | D:15     | Found a hide-covered altar of Uskayaw.
 42602 | D:15     | Found Otowal's Antique Weapon Shop.
 42832 | D:15     | Reached XP level 16. HP: 118/118 MP: 20/29
 43435 | D:15     | Found a staircase to the Depths.
 43461 | D:15     | Found a runed translucent door.
 43461 | D:15     | Noticed Waecyras's ghost (adept KoGl)
 43594 | D:15     | Reached skill level 10 in Spellcasting
 44000 | D:15     | Killed Agnes
 44433 | D:15     | Killed Roxanne
 44530 | D:15     | Learned a level 6 spell: Statue Form
 44692 | D:7      | Bought an uncursed ring of protection from magic for 325
                  | gold pieces
 44881 | Elf:1    | Entered Level 1 of the Elven Halls
 45038 | Snake:1  | Entered Level 1 of the Snake Pit
 45248 | Snake:1  | Reached skill level 5 in Fire Magic
 45388 | Snake:1  | Slain by a naga

Illustrated notes

Levels and vault maps discovered:
D:1:      minmay_arrival_stair_chambers, layout_basic, minmay_tromino_v2
D:2:      layout_loops_ring, grunt_temple_overflow_holy_war,
          nicolae_overflow_hidden_temple, chequers_ecumenical_altar_simple,
          minivault_4, serial_bayou_pond_b, kennysheep_okawaru_gauntlet
D:3:      layout_loops_corners, nicolae_overflow_crystal_walls,
          minmay_misc_feat_cross
D:4:      layout_basic, overflow_temple_1_default, kennysheep_diamond
D:5:      layout_loops_ring, uniq_eustachio, uniq_crazy_yiuf_cottage
D:6:      layout_basic, lightli_temple_of_fire, fiery_altar_vehumet,
          old_standard_altar, serial_park_tiny_2
D:7:      layout_basic, minmay_temple_entry_gardened_gates,
          serial_co_window_serial, co_window_paths_b, co_window_corner_a,
          co_window_of_opportunity_a, co_window_corner_a, co_window_corner_a,
          co_window_of_opportunity_a, co_window_paths_b, co_window_2corner,
          co_window_broadway_c, co_window_broadway_c, glass_columns_b,
          glass_columns_a, serial_shops, nicolae_shop_stone, shop_fountains,
          nicolae_shop_waterfront, shop, nicolae_shop_behind_doors
D:8:      layout_basic
D:9:      layout_gridville, grunt_temple_overflow_diamond,
          minmay_misc_feat_encased, minivault_29, uniq_harold
D:10:     layout_irregular_city, uniq_joseph, uniq_nergalle, uniq_psyche
D:11:     layout_loops_ring, dpeg_lair_monsters, orc_0_dummy,
          gauntlet_entry_generic, kennysheep_island_fort
D:12:     layout_long_grid, basic_altar
D:13:     layout_stronghold, david_vaults_3, basic_altar, uniq_urug
D:14:     layout_loops_ring, infiniplex_staircase_x
D:15:     grunt_enter_depths_magical_seal, layout_stronghold, basic_altar,
          gammafunk_ghost_grave, patterned_corridor, serial_shops, shop_coins,
          drop_trap, eino_tiny_chamber, minmay_microvault, uniq_agnes,
          uniq_roxanne
Lair:1:   layout_loops_ring
Lair:2:   layout_chaotic_city, minmay_snake_entry_guardpost_medium
Lair:3:   layout_layer_cave, ebering_ghost_disaster_area, basic_altar,
          grunt_megastairs_1
Lair:4:   layout_small_grid, palyth_hydra_swamp_entry, lookout_lair_type
Lair:5:   layout_small_grid, serial_bayou_shore_a
Lair:6:   grunt_lair_end_beastmaster, layout_misc_corridors, slime_altar_1,
          tgw_fedhas, infiniplex_staircase_pool, lemuel_fruit_tree
Snake:1:  layout_honeycomb, uniq_azrael
Orc:1:    layout_diamond_mine
Orc:2:    st_orc_ogre_mass, layout_caves, enter_volcano_4,
          nicolae_orc_lava_room, uniq_erolcha
Elf:1:    minmay_elf_arrival_circle, layout_onion_city, hangedman_elf_disciples,
          minmay_misc_feat_five, drop_trap, grunt_ministairs_1

Skill      XL: |  1  2  3  4  5  6  7  8  9 10 11 12 13 14 15 16 |
---------------+-------------------------------------------------+-----
Stealth        | 3 |  3.1
Fighting       | 1 2 3 4 5 6 8 9 10 12 13 14 | 14.0
Conjurations   | 1 2 3 5 6 8 9 10 | 10.0
Transmutations | 2 3 4 5 6 8 9 10 | 10.1
Earth Magic    | 4 5 6 7 8 10 11 12 13 14 | 14.5
Spellcasting   | 4 6 8 9 10 | 10.2
Dodging        | 5 7 8 |  8.5
Fire Magic     | 4 5 |  5.0
Evocations     | 3 4 |  4.6

Action                   |  1- 3 |  4- 6 |  7- 9 | 10-12 | 13-15 | 16-18 || total
-------------------------+-------+-------+-------+-------+-------+-------++-------
Melee: Unarmed           |   116 |    29 |       |       |       |       ||   145
       Constrict         |    28 |    32 |    44 |    88 |    99 |     1 ||   292
       Tentacles         |     9 |    19 |    27 |    83 |   110 |     3 ||   251
       Dagger            |       |   102 |     3 |       |       |       ||   105
       Spear             |       |       |   219 |   764 |   737 |    33 ||  1753
Throw: Dart              |       |       |       |    20 |       |       ||    20
 Cast: Sandblast         |     5 |    39 |    19 |    19 |    56 |     2 ||   140
       Stone Arrow       |       |       |    26 |   124 |   451 |    54 ||   655
       Petrify           |       |       |     8 |    21 |    25 |       ||    54
       Passwall          |       |       |     1 |     1 |       |       ||     2
       Lee's Rapid Decon |       |       |       |     4 |    63 |    10 ||    77
       Bolt of Magma     |       |       |       |       |       |    11 ||    11
       Starburst         |       |       |       |       |       |     3 ||     3
Evoke: Wand              |       |       |     2 |    10 |    14 |       ||    26
       Tin of tremorston |       |       |       |       |     7 |       ||     7
       Phial of floods   |       |       |       |       |     3 |     1 ||     4
       Condenser vane    |       |       |       |       |     1 |       ||     1
       Phantom mirror    |       |       |       |       |     1 |       ||     1
       Lightning rod     |       |       |       |       |       |     4 ||     4
  Use: Scroll            |       |       |    10 |    13 |    13 |     1 ||    37
       Potion            |       |       |     1 |     2 |       |       ||     3
 Stab: Sleeping          |     9 |     9 |    10 |    20 |    19 |       ||    67
       Distracted        |       |     2 |       |     1 |     3 |       ||     6
       Petrified         |       |       |    20 |    58 |    77 |       ||   155
       Petrifying        |       |       |     2 |       |     1 |       ||     3
Armor: Skin              |    15 |    11 |     9 |    87 |   119 |    14 ||   255
Dodge: Dodged            |   103 |    73 |   124 |   275 |   777 |    43 ||  1395
Block: Other             |       |       |    45 |   102 |    23 |       ||   170
       Reflection        |       |       |     2 |     4 |     1 |       ||     7

Table legend: (Time is in decaauts)
 A = Elapsed time spent in this place.
 B = Non-inter-level travel time spent in this place.
 C = Inter-level travel time spent in this place.
 D = Time resting spent in this place.
 E = Time spent auto-exploring this place.
 F = Levels seen in this place.
 G = Mean time per level.
                   A        B        C        D        E       F      G
               +--------+--------+--------+--------+--------+-----+--------+
         Total |  45636 |  43377 |   2259 |  19562 |  15568 |  26 | 1755.2 |
       Dungeon |  31988 |  30406 |   1582 |  14568 |  10238 |  15 | 2132.5 |
          Lair |  10110 |   9714 |    396 |   3798 |   4341 |   6 | 1685.0 |
     Snake Pit |    248 |    248 |      0 |     47 |    119 |   1 |  248.0 |
  Orcish Mines |   3172 |   2893 |    279 |   1149 |    870 |   2 | 1586.0 |
   Elven Halls |      1 |      1 |      0 |      0 |      0 |   1 |    1.0 |
      Gauntlet |    114 |    114 |      0 |      0 |      0 |   1 |  114.0 |
               +--------+--------+--------+--------+--------+-----+--------+

Top non-repeatable levels by time:
     D:9: 4518 daAuts
    D:11: 3599 daAuts
    D:15: 2944 daAuts
     D:7: 2583 daAuts
  Lair:6: 2365 daAuts
    D:12: 2087 daAuts
     D:4: 2070 daAuts
    D:10: 2015 daAuts
   Orc:1: 2010 daAuts
  Lair:5: 1937 daAuts
     D:6: 1924 daAuts
  Lair:4: 1909 daAuts
     D:3: 1811 daAuts
     D:8: 1652 daAuts
    D:13: 1530 daAuts
